| TOP OF THE 1ST |
|
Fresno State University Bulldogs batting - Pitching for University of North Carolina at Chapel Hill Tar Heels : LHP Bahrom Mohammad
|
|
Pitching: LHP Bahrom Mohammad
|
|
|
Batting: LHB Vinny Rivera
|
0-0: Ball 1-0: Ball 2-0: Swinging Strike 2-1: Foul Ball, location: 2F 2-2: Ball 3-2: Base on Balls
|
|
Batting: RHB Wali Mulogo
|
0-0: Ball 1-0: Fly out, F7 (Flyball, 7, EV 95.6 MPH)
|
|
Batting: RHB Tommy Tracy
|
0-0: Called Strike 0-1: Called Strike 0-2: Ball 1-2: Hit by Pitch Vinny Rivera to second
|
|
Batting: RHB Todd Vanasco
|
0-0: Swinging Strike 0-1: Ball Vinny Rivera is caught stealing 3rd base 2-5 Tommy Tracy to second 1-1: Fly out, F5 (Popup, 56S, EV 63.1 MPH)
|
| Top of the 1st over - 0 runs, 0 hits, 0 errors, 1 left on base; Fresno State University 0 - University of North Carolina at Chapel Hill 0 |
| BOTTOM OF THE 1ST |
|
University of North Carolina at Chapel Hill Tar Heels batting - Pitching for Fresno State University Bulldogs : RHP Adrian Foreman
|
|
Pitching: RHP Adrian Foreman
|
|
|
Batting: RHB David McDonald
|
0-0: Ball 1-0: Fly out, F8 (Flyball, 8LM, EV 80.6 MPH)
|
|
Batting: RHB Aaron Stout
|
0-0: Called Strike 0-1: Ball 1-1: Swinging Strike 1-2: SINGLE (Flyball, 34D, EV 83.8 MPH)
|
|
Batting: LHB Jason Raker
|
0-0: Ball 1-0: Foul Ball, location: 2F 1-1: Ball 2-1: Ball 3-1: Fly out, F7 (Flyball, 78D, EV 92.5 MPH)
|
|
Batting: RHB Sam Daw
|
0-0: Ball 1-0: Called Strike 1-1: Called Strike 1-2: Ball 2-2: Strikes out looking
|
| Bottom of the 1st over - 0 runs, 1 hit, 0 errors, 1 left on base; Fresno State University 0 - University of North Carolina at Chapel Hill 0 |
| TOP OF THE 2ND |
|
Fresno State University Bulldogs batting - Pitching for University of North Carolina at Chapel Hill Tar Heels : LHP Bahrom Mohammad
|
|
Batting: RHB Phil Hamby
|
0-0: Fly out, F9 (Flyball, 89S, EV 96.9 MPH)
|
|
Batting: LHB Mike Roberts
|
0-0: Ball 1-0: SINGLE (Line Drive, 8LM, EV 85.6 MPH)
|
|
Batting: RHB Andrew Pride
|
0-0: Ball 1-0: Ball 2-0: Ball 3-0: Called Strike 3-1: Fielders Choice at 2nd, 4-6 (Groundball, 34, EV 83.8 MPH)
|
|
Batting: SHB Andres Agudo
|
0-0: Ball 1-0: Called Strike 1-1: Fly out, F9 (Line Drive, 9D, EV 105.0 MPH)
|
| Top of the 2nd over - 0 runs, 1 hit, 0 errors, 1 left on base; Fresno State University 0 - University of North Carolina at Chapel Hill 0 |
| BOTTOM OF THE 2ND |
|
University of North Carolina at Chapel Hill Tar Heels batting - Pitching for Fresno State University Bulldogs : RHP Adrian Foreman
|
|
Batting: RHB Travis Robinson
|
0-0: Called Strike 0-1: Ball 1-1: Swinging Strike 1-2: Strikes out looking
|
|
Batting: RHB George Boivin
|
0-0: Swinging Strike 0-1: Swinging Strike 0-2: Ball 1-2: Ball 2-2: Foul Ball, location: 2F 2-2: Ball 3-2: Foul Ball, location: 2F 3-2: Strikes out swinging
|
|
Batting: RHB Chris Skaff
|
0-0: Ground out 4-3 (Groundball, 4, EV 83.8 MPH)
|
| Bottom of the 2nd over - 0 runs, 0 hits, 0 errors, 0 left on base; Fresno State University 0 - University of North Carolina at Chapel Hill 0 |
| TOP OF THE 3RD |
|
Fresno State University Bulldogs batting - Pitching for University of North Carolina at Chapel Hill Tar Heels : LHP Bahrom Mohammad
|
|
Batting: RHB Ryan Miller
|
0-0: Ball 1-0: Ball 2-0: Foul Ball, location: 2F 2-1: Foul Ball, location: 2F 2-2: Strikes out swinging
|
|
Batting: LHB Vinny Rivera
|
0-0: Ball 1-0: Swinging Strike 1-1: Called Strike 1-2: Fly out, F8 (Flyball, 8RM, EV 91.9 MPH)
|
|
Batting: RHB Wali Mulogo
|
0-0: Ball 1-0: Called Strike 1-1: Called Strike 1-2: Strikes out swinging
|
| Top of the 3rd over - 0 runs, 0 hits, 0 errors, 0 left on base; Fresno State University 0 - University of North Carolina at Chapel Hill 0 |
| BOTTOM OF THE 3RD |
|
University of North Carolina at Chapel Hill Tar Heels batting - Pitching for Fresno State University Bulldogs : RHP Adrian Foreman
|
|
Batting: RHB Jonathan Livingston
|
0-0: Foul Ball, location: 2F 0-1: Ball 1-1: Called Strike 1-2: Strikes out swinging
|
|
Batting: RHB Norm Wood
|
0-0: Ground out 6-3 (Groundball, 6, EV 81.9 MPH)
|
|
Batting: RHB David McDonald
|
0-0: Called Strike 0-1: Foul Ball, location: 2F 0-2: Ball 1-2: Strikes out looking
|
| Bottom of the 3rd over - 0 runs, 0 hits, 0 errors, 0 left on base; Fresno State University 0 - University of North Carolina at Chapel Hill 0 |
| TOP OF THE 4TH |
|
Fresno State University Bulldogs batting - Pitching for University of North Carolina at Chapel Hill Tar Heels : LHP Bahrom Mohammad
|
|
Batting: RHB Tommy Tracy
|
0-0: Foul Ball, location: 2F 0-1: Ball 1-1: Ball 2-1: Ball 3-1: Foul Ball, location: 2F 3-2: SINGLE (Groundball, 56S, EV 66.3 MPH) (infield hit)
|
|
Batting: RHB Todd Vanasco
|
0-0: Called Strike 0-1: 2-RUN HOME RUN (Flyball, 7D, EV 100.0 MPH), Distance : 374 ft
|
|
Batting: RHB Phil Hamby
|
0-0: Ball 1-0: Fly out, F9 (Flyball, 89D, EV 103.8 MPH)
|
|
Batting: LHB Mike Roberts
|
0-0: Foul Ball, location: 2F 0-1: Called Strike 0-2: Foul Ball, location: 2F 0-2: Ball 1-2: Foul Ball, location: 2F 1-2: Ground out 4-3 (Groundball, 34D, EV 80.0 MPH)
|
|
Batting: RHB Andrew Pride
|
0-0: Ball 1-0: Ball 2-0: Called Strike 2-1: Foul Ball, location: 2F 2-2: Ball 3-2: Fly out, F8 (Line Drive, 8LD, EV 101.9 MPH)
|
| Top of the 4th over - 2 runs, 2 hits, 0 errors, 0 left on base; Fresno State University 2 - University of North Carolina at Chapel Hill 0 |
| BOTTOM OF THE 4TH |
|
University of North Carolina at Chapel Hill Tar Heels batting - Pitching for Fresno State University Bulldogs : RHP Adrian Foreman
|
|
Batting: RHB Aaron Stout
|
0-0: Ball 1-0: Ground out 4-3 (Groundball, 4D, EV 100.6 MPH)
|
|
Batting: LHB Jason Raker
|
0-0: Fly out, F8 (Line Drive, 8RD, EV 93.8 MPH)
|
|
Batting: RHB Sam Daw
|
0-0: Ball 1-0: Fly out, F6 (Flyball, 56D, EV 81.9 MPH)
|
| Bottom of the 4th over - 0 runs, 0 hits, 0 errors, 0 left on base; Fresno State University 2 - University of North Carolina at Chapel Hill 0 |
| TOP OF THE 5TH |
|
Fresno State University Bulldogs batting - Pitching for University of North Carolina at Chapel Hill Tar Heels : LHP Bahrom Mohammad
|
|
Batting: SHB Andres Agudo
|
0-0: Ball 1-0: Swinging Strike 1-1: Swinging Strike 1-2: Fly out, F7 (Flyball, 7LD, EV 108.1 MPH)
|
|
Batting: RHB Ryan Miller
|
0-0: Ball 1-0: Ball 2-0: Called Strike 2-1: Ball 3-1: Base on Balls
|
|
Batting: LHB Vinny Rivera
|
0-0: Ball 1-0: Ball 2-0: Ball 3-0: Called Strike 3-1: Foul Ball, location: 2F 3-2: Foul Ball, location: 2F 3-2: Foul Ball, location: 2F 3-2: SINGLE (Groundball, 34, EV 100.0 MPH) Ryan Miller to second
|
|
Pitching: RHP Nate Vandergriff
|
|
|
Batting: RHB Wali Mulogo
|
0-0: Ball 1-0: Swinging Strike 1-1: Called Strike 1-2: Ball 2-2: Ball 3-2: Foul Ball, location: 2F 3-2: Strikes out swinging
|
|
Batting: RHB Tommy Tracy
|
0-0: Called Strike 0-1: Fly out, F8 (Line Drive, 8RD, EV 85.0 MPH)
|
| Top of the 5th over - 0 runs, 1 hit, 0 errors, 2 left on base; Fresno State University 2 - University of North Carolina at Chapel Hill 0 |
| BOTTOM OF THE 5TH |
|
University of North Carolina at Chapel Hill Tar Heels batting - Pitching for Fresno State University Bulldogs : RHP Adrian Foreman
|
|
Batting: RHB Travis Robinson
|
0-0: Ball 1-0: Called Strike 1-1: Called Strike 1-2: Ball 2-2: Ball 3-2: Ground out U3 (Groundball, 34S, EV 84.4 MPH)
|
|
Batting: RHB George Boivin
|
0-0: Called Strike 0-1: Ball 1-1: Fly out, F9 (Flyball, 9D, EV 107.5 MPH)
|
|
Batting: RHB Chris Skaff
|
0-0: Called Strike 0-1: Ball 1-1: Called Strike 1-2: Ground out U3 (Groundball, 13, EV 86.9 MPH)
|
| Bottom of the 5th over - 0 runs, 0 hits, 0 errors, 0 left on base; Fresno State University 2 - University of North Carolina at Chapel Hill 0 |
| TOP OF THE 6TH |
|
Fresno State University Bulldogs batting - Pitching for University of North Carolina at Chapel Hill Tar Heels : RHP Nate Vandergriff
|
|
Batting: RHB Todd Vanasco
|
0-0: Ball 1-0: Swinging Strike 1-1: Ball 2-1: Ball 3-1: Base on Balls
|
|
Batting: RHB Phil Hamby
|
0-0: Called Strike 0-1: Grounds into double play, 6-4-3 (Groundball, 6M, EV 97.5 MPH)
|
|
Batting: LHB Mike Roberts
|
0-0: Ground out 4-3 (Groundball, 4, EV 96.3 MPH)
|
| Top of the 6th over - 0 runs, 0 hits, 0 errors, 0 left on base; Fresno State University 2 - University of North Carolina at Chapel Hill 0 |
| BOTTOM OF THE 6TH |
|
University of North Carolina at Chapel Hill Tar Heels batting - Pitching for Fresno State University Bulldogs : RHP Adrian Foreman
|
|
Batting: RHB Jonathan Livingston
|
0-0: Ball 1-0: Called Strike 1-1: Foul Ball, location: 2F 1-2: Ball 2-2: Strikes out looking
|
|
Batting: RHB Norm Wood
|
0-0: Called Strike 0-1: Swinging Strike 0-2: Strikes out swinging
|
|
Batting: RHB David McDonald
|
0-0: Foul Ball, location: 2F 0-1: Ball 1-1: Fly out, F8 (Flyball, 78D, EV 95.6 MPH)
|
| Bottom of the 6th over - 0 runs, 0 hits, 0 errors, 0 left on base; Fresno State University 2 - University of North Carolina at Chapel Hill 0 |
| TOP OF THE 7TH |
|
Fresno State University Bulldogs batting - Pitching for University of North Carolina at Chapel Hill Tar Heels : RHP Nate Vandergriff
|
|
Batting: RHB Andrew Pride
|
0-0: Ball 1-0: Swinging Strike 1-1: Foul Ball, location: 2F 1-2: Ball 2-2: SINGLE (Line Drive, 8RS, EV 93.8 MPH)
|
|
Batting: SHB Andres Agudo
|
0-0: Sac Bunt to P - play at first, batter OUT! 1-3 Andrew Pride to second
|
|
Batting: RHB Ryan Miller
|
0-0: Fly out, F7 (Flyball, 7LM, EV 94.4 MPH) Runner from 2nd tags up, SAFE at 3rd with throw by LF
|
|
Batting: LHB Vinny Rivera
|
0-0: Ball 1-0: Ball 2-0: Called Strike 2-1: Fly out, F8 (Flyball, 8RD, EV 102.5 MPH)
|
| Top of the 7th over - 0 runs, 1 hit, 0 errors, 1 left on base; Fresno State University 2 - University of North Carolina at Chapel Hill 0 |
| BOTTOM OF THE 7TH |
|
University of North Carolina at Chapel Hill Tar Heels batting - Pitching for Fresno State University Bulldogs : RHP Adrian Foreman
|
|
Batting: RHB Aaron Stout
|
0-0: Ball 1-0: Ball 2-0: SOLO HOME RUN (Flyball, 9D, EV 93.8 MPH), Distance : 376 ft
|
|
Batting: LHB Jason Raker
|
0-0: Called Strike 0-1: SINGLE (Groundball, 6MD, EV 105.0 MPH)
|
|
Pinch Hitting: RHB Kazushige Hasegawa
|
0-0: SINGLE (Flyball, 5D, EV 91.9 MPH) Jason Raker to second
|
|
Batting: RHB Travis Robinson
|
0-0: SINGLE (Line Drive, 8RM, EV 91.9 MPH) Jason Raker to third Kazushige Hasegawa to second
|
|
Batting: RHB George Boivin
|
0-0: Ball 1-0: Called Strike 1-1: Called Strike 1-2: Ball 2-2: Ball 3-2: Foul Ball, location: 2F 3-2: Grounds into fielders choice 3-2 (Groundball, 3, EV 89.4 MPH) Kazushige Hasegawa to third Travis Robinson to second
|
|
Pitching: LHP Ron Fries
|
|
|
Batting: RHB Chris Skaff
|
0-0: Foul Ball, location: 2F 0-1: Foul Ball, location: 2F 0-2: SINGLE (Line Drive, 8RS, EV 91.3 MPH) Kazushige Hasegawa scores Travis Robinson to third George Boivin to second
|
|
Batting: RHB Jonathan Livingston
|
0-0: Fly out, F6 (Line Drive, 6, EV 73.8 MPH)
|
|
Batting: RHB Norm Wood
|
0-0: Ball 1-0: Swinging Strike 1-1: Ball 2-1: Ball 3-1: Base on Balls Travis Robinson scores George Boivin to third Chris Skaff to second
|
|
Batting: RHB David McDonald
|
0-0: Ball 1-0: Fly out, F7 (Flyball, 78M, EV 91.3 MPH)
|
| Bottom of the 7th over - 3 runs, 5 hits, 0 errors, 3 left on base; Fresno State University 2 - University of North Carolina at Chapel Hill 3 |
| TOP OF THE 8TH |
|
Fresno State University Bulldogs batting - Pitching for University of North Carolina at Chapel Hill Tar Heels : RHP Nate Vandergriff
|
|
Now in RF: Dave Bertheau
|
|
|
Batting: RHB Wali Mulogo
|
0-0: Fly out, F7 (Flyball, 7D, EV 85.0 MPH)
|
|
Batting: RHB Tommy Tracy
|
0-0: Called Strike 0-1: Fly out, F7 (Flyball, 7, EV 93.1 MPH)
|
|
Batting: RHB Todd Vanasco
|
0-0: Ball 1-0: Ball 2-0: Foul Ball, location: 2F 2-1: Foul Ball, location: 2F 2-2: Ball 3-2: Foul Ball, location: 2F 3-2: Base on Balls
|
|
Batting: RHB Phil Hamby
|
0-0: Foul Ball, location: 2F 0-1: Ground out 1-3 (Groundball, 13, EV 70.6 MPH)
|
| Top of the 8th over - 0 runs, 0 hits, 0 errors, 1 left on base; Fresno State University 2 - University of North Carolina at Chapel Hill 3 |
| BOTTOM OF THE 8TH |
|
University of North Carolina at Chapel Hill Tar Heels batting - Pitching for Fresno State University Bulldogs : LHP Ron Fries
|
|
Batting: RHB Aaron Stout
|
0-0: Ground out 4-3 (Groundball, 4, EV 90.0 MPH)
|
|
Batting: LHB Jason Raker
|
0-0: Swinging Strike 0-1: Ball 1-1: Ball 2-1: Ball 3-1: Fly out, F7 (Line Drive, 7, EV 97.5 MPH)
|
|
Batting: LHB Dave Bertheau
|
0-0: Called Strike 0-1: Ball 1-1: Ball 2-1: Swinging Strike 2-2: SINGLE (Groundball, 34D, EV 107.5 MPH)
|
|
Batting: RHB Travis Robinson
|
0-0: Ball Dave Bertheau steals 2nd base 1-0: Foul Ball, location: 2F 1-1: Ball 2-1: DOUBLE (Line Drive, 9LS, EV 98.1 MPH) Dave Bertheau scores
|
|
Batting: RHB George Boivin
|
0-0: Intentional Walk
|
|
Batting: RHB Chris Skaff
|
0-0: Ball 1-0: Ball 2-0: Ball Wild Pitch! Travis Robinson to third George Boivin to second 3-0: Intentional Walk
|
|
Batting: RHB Jonathan Livingston
|
0-0: Fly out, F9 (Line Drive, 9D, EV 105.6 MPH)
|
| Bottom of the 8th over - 1 run, 2 hits, 0 errors, 3 left on base; Fresno State University 2 - University of North Carolina at Chapel Hill 4 |
| TOP OF THE 9TH |
|
Fresno State University Bulldogs batting - Pitching for University of North Carolina at Chapel Hill Tar Heels : RHP Nate Vandergriff
|
|
Pitching: LHP Ken Dewey
|
|
|
Pinch Hitting: RHB Miguel Velasco
|
0-0: Ball 1-0: Swinging Strike 1-1: Called Strike 1-2: Ball 2-2: Strikes out looking
|
|
Batting: RHB Andrew Pride
|
0-0: Called Strike 0-1: Ball 1-1: Ball 2-1: Ball 3-1: Called Strike 3-2: Strikes out looking
|
|
Batting: SHB Andres Agudo
|
0-0: Called Strike 0-1: Ball 1-1: Ball 2-1: Called Strike 2-2: Strikes out swinging
|
| Top of the 9th over - 0 runs, 0 hits, 0 errors, 0 left on base; Fresno State University 2 - University of North Carolina at Chapel Hill 4 |
|